cohdb
Replays
Latest Replays
All Replays
Popular Replays
Top Player Replays
Match Explorer
How It Works
Community
CoH3 Stats
Reddit
Sign in to upload your games and track your stats! →
Sign in with Steam
Match 38788827
Unlisted
Match 38788827
Overview
Messages
Build Orders
End
250 Light Carrier
250 Light Carrier
Selects Armored Support Battlegroup
Panzerpioneer Squad
Construct Light Support Kompanie
Combat Half-tracks
Assault Grenadier Squad
Assault Grenadier Squad
Advanced Field Repairs
Fire Support Elements
2.5-tonne Medical Truck
Selects Veteran Gunners
Pak 38 Mechanized Group
Tungsten Core Ammunition
Veteran Squad Leaders
Construct Panzerarmee Kommand
Selects Salvage Kits
Selects Panzer Storm
Panzer III L Medium Tank
Panzer III L Medium Tank
Advanced Optics
Selects Stuka Anti-tank Loiter
Panzer III L Medium Tank
Vehicle Survival Package
Armored Reserves
Stuka Anti-tank Loiter
Selects Flammpanzer III Medium Tank
Panzer III L Medium Tank
Emergency Repair Kits
Selects Command Panzer IV F Medium Tank
Command Panzer IV F Medium Tank
Stuka Anti-tank Loiter
Stuka Anti-tank Loiter
2.5-tonne Medical Truck
Panzer III L Medium Tank
Stuka Anti-tank Loiter
Flammpanzer III Medium Tank
Rapid Advance
Panzer III L Medium Tank
2.5-tonne Medical Truck
Honey
khj
JK
FiniteStateMachine
KingLiA
Abeli
元首再相信我一次
kaiser
0
0
Comments
sign in to comment!
No comments posted yet!